 Dungeon Crawl Stone Soup version 0.26.0-10-g1f06aea511 (webtiles) character file.

Game seed: 7501158919297796307

2109 Borgoz the Carver (level 9, -6/67 HPs)
             Began as a Ghoul Gladiator on Jan 13, 2021.
             Mangled by Joseph
             ... wielding a +0 quarterstaff
              (7 damage)
             ... on level 7 of the Dungeon.
             The game lasted 00:10:45 (7832 turns).

Borgoz the Carver (Ghoul Gladiator)                 Turns: 7832, Time: 00:10:45

Health: -6/67      AC:  7    Str: 20    XL:     9   Next: 28%
Magic:  0/8        EV: 14    Int:  9    God:
Gold:   234        SH:  0    Dex: 11    Spells: 8/8 levels left

rFire    . . .     SeeInvis .   a - +1 long sword
rCold    + . .     Faith    .   (no shield)
rNeg     + + +     Spirit   +   b - +0 leather armour
rPois    ∞         Reflect  .   c - +0 helmet
rElec    .         Harm     .   (no cloak)
rCorr    +         Rampage  .   (no gloves)
Will     .....                  j - +1 pair of boots
Stlth    +.........             m - amulet of guardian spirit
HPRegen  0.00/turn              k - ring of resist corrosion
MPRegen  0.11/turn              l - +6 ring of intelligence

@: no status effects
A: claws 1, cold resistance 1, negative energy resistance 3, inhibited
regeneration, torment resistance, unbreathing
a: no special abilities


You were on level 7 of the Dungeon.
You visited 2 branches of the dungeon, and saw 8 of its levels.
You also visited: Sewer.

You collected 234 gold pieces.

Inventory:

Hand Weapons
 a - a +1 long sword (weapon)
Armour
 b - a +0 leather armour (worn)
 c - a +0 helmet (worn)
 j - a +1 pair of boots (worn)
Jewellery
 k - a ring of resist corrosion (left claw)
 l - a +6 ring of intelligence (right claw)
 m - an amulet of guardian spirit (around neck)
Wands
 e - a wand of digging (6)
 s - a wand of flame (9)
Scrolls
 g - 2 scrolls of enchant armour
 n - 2 scrolls of enchant weapon
 r - 2 scrolls of remove curse {unknown}
 t - 8 scrolls of teleportation
 v - 2 scrolls of magic mapping {unknown}
 w - 3 scrolls of fog {unknown}
 y - 2 scrolls of blinking {unknown}
Potions
 f - 2 potions of haste
 h - 4 potions of brilliance
 i - a potion of cancellation
 p - 4 potions of might
 q - a potion of resistance
 u - 2 potions of curing
 x - a potion of heal wounds {unknown}
 z - a potion of magic


   Skills:
 - Level 2.1 Fighting
 * Level 8.2 Long Blades
 - Level 1.7 Throwing
 + Level 5.3 Armour
 + Level 6.0 Dodging


You had 8 spell levels left.
You didn't know any spells.
Your spell library contained the following spells:

 Spells                   Type           Power        Failure   Level
 Malign Gateway           Summ/Tloc      0%           100%        7
 Monstrous Menagerie      Summ           0%           100%        7
 Summon Greater Demon     Summ           0%           100%        7
 Summon Horrible Things   Summ           0%           100%        8


Dungeon Overview and Level Annotations

Branches:
Dungeon (7/15)             Temple (1/1) D:6           Sewer (visited)

Altars:
Cheibriados
Dithmenos
Fedhas
Gozag
Hepliaklqana
Kikubaaqudgha
Nemelex Xobeh
Okawaru
Qazlal
Ru
Sif Muna
Trog
Uskayaw
Vehumet
Wu Jian
Xom
Yredelemnul
Zin
The Shining One

Shops:
D:5 [[

Annotations:
D:5 2 transporters, Chipwarrior's ghost, novice OpVM
D:7 Joseph


Innate Abilities, Weirdness & Mutations

You thrive by killing the living.
You are immune to poison.
You have sharp fingernails.
Your flesh is cold resistant. (rC+)
You are immune to negative energy. (rN+++)
You do not regenerate when monsters are visible.
You are immune to unholy pain and torment.
You can survive without breathing.


Message History

You feel less invigorated.
You feel less confused. Joseph closely misses you.
You barely miss Joseph.
Joseph is heavily wounded.
Joseph hits you with a +0 quarterstaff!
* * * LOW HITPOINT WARNING * * *
You hit Joseph.
Joseph is heavily wounded.
You barely miss Joseph.
Joseph is heavily wounded.
Joseph hits you with a +0 quarterstaff.
You barely miss Joseph.
Joseph is heavily wounded.
Joseph hits you with a +0 quarterstaff!
* * * LOW HITPOINT WARNING * * *
You closely miss Joseph.
Joseph is heavily wounded.
Joseph hits you with a +0 quarterstaff!
You die...

.###.. #.# #..#..# ..
.##.....##. ####...
........... ##.......
..(......# #.......#
##..._...##
#####<.#.....##@........#
#.#.......#.....@........
#.#.......##...##...=.##
....#....###..###(.#..#
....##....#...##..## ..#
....#..#..#.......## .
.#>....#..#........#.
.###......#............
.....)...............[.
.....................#.#


You could see Joseph.

Vanquished Creatures
  Sigmund (D:3)
  2 ice beasts
  A sky beast (D:7)
  A phantom (D:6)
  An ogre (D:6)
  The ghost of theswoord the Insei, an amateur DsTm (D:4)
  2 centaurs (D:6)
  Blork the orc (D:6)
  5 bullfrogs
  2 scorpions (D:6)
  A wyvern skeleton (D:7)
  A howler monkey (D:6)
  A jelly (D:5)
  3 hounds
  2 iguanas
  3 orc wizards
  2 worker ants (D:4)
  A hound zombie (D:7)
  A worker ant zombie (D:3)
  Robin (D:2)
  3 gnolls (D:3)
  7 river rats
  10 adders
  A white imp (D:7)
  An ufetubus (D:5)
  An ooze (D:2)
  3 adder skeletons (D:5)
  4 worms
  3 dart slugs
  7 leopard geckos
  3 orcs
  12 ball pythons
  6 giant cockroaches
  12 goblins
  16 hobgoblins
  6 jackals
  2 kobolds
  2 quokkas
  6 bats
  5 frilled lizards
  A giant cockroach zombie (D:5)
  A jackal skeleton (D:4)
  A quokka skeleton (D:4)
  28 rats
174 creatures vanquished.

Notes
Turn   | Place    | Note
-------+----------+-------------------------------------------
     0 | D:1      | Borgoz the Ghoul Gladiator began the quest for the Orb.
     0 | D:1      | Reached XP level 1. HP: 17/17 MP: 0/0
   208 | D:1      | Reached skill level 3 in Long Blades
   208 | D:1      | Reached XP level 2. HP: 24/24 MP: 1/1
   491 | D:1      | Reached skill level 1 in Armour
   541 | D:1      | Reached XP level 3. HP: 29/29 MP: 2/2
  1157 | D:2      | Reached XP level 4. HP: 31/36 MP: 3/3
  1293 | D:2      | Found an ornate altar of the Wu Jian Council.
  1365 | D:2      | Noticed Robin
  1400 | D:2      | Killed Robin
  1869 | D:3      | Noticed Sigmund
  2068 | D:3      | Reached skill level 4 in Long Blades
  2072 | D:3      | Reached XP level 5. HP: 41/41 MP: 4/4
  2082 | D:3      | Found an iron altar of Okawaru.
  2297 | D:3      | Killed Sigmund
  2298 | D:3      | Reached XP level 6. HP: 44/48 MP: 3/5
  2980 | D:4      | Reached skill level 5 in Long Blades
  3021 | D:4      | Found a radiant altar of Vehumet.
  3164 | D:4      | Found a runed translucent door.
  3185 | D:4      | Noticed theswoord's ghost (amateur DsTm)
  3244 | D:4      | Found a shimmering blue altar of Sif Muna.
  3285 | D:4      | Found a runed translucent door.
  3400 | D:4      | Killed theswoord's ghost
  3401 | D:4      | Reached XP level 7. HP: 30/55 MP: 3/6
  3502 | D:4      | Found a snail-covered altar of Cheibriados.
  3502 | D:4      | Found a hazy altar of Hepliaklqana.
  3738 | D:5      | Entered Level 5 of the Dungeon
  3767 | D:5      | Found Xapizeon's Armour Shop.
  3991 | D:5      | Reached skill level 6 in Long Blades
  4154 | D:5      | Found a transporter.
  4154 | D:5      | Found a transporter.
  4154 | D:5      | Noticed Chipwarrior's ghost (novice OpVM)
  4190 | D:5      | Found Mumuegir's Armour Boutique.
  4369 | D:5      | Found a hide-covered altar of Uskayaw.
  4369 | D:5      | Found a basalt altar of Yredelemnul.
  4370 | D:5      | Found a stormy altar of Qazlal.
  4441 | D:5      | Found a glowing drain.
  4468 | Sewer    | Entered a sewer
  4866 | Sewer    | Reached XP level 8. HP: 45/61 MP: 3/7
  5112 | Sewer    | Reached skill level 5 in Dodging
  5946 | D:6      | Reached skill level 7 in Long Blades
  6230 | D:6      | Found a staircase to the Ecumenical Temple.
  6635 | D:6      | Reached XP level 9. HP: 31/67 MP: 2/8
  6643 | D:6      | Reached skill level 5 in Armour
  6699 | Temple   | Entered the Ecumenical Temple
  7014 | D:6      | Noticed Blork the orc
  7026 | D:6      | Killed Blork the orc
  7027 | D:6      | Reached skill level 8 in Long Blades
  7187 | D:6      | Found a sacrificial altar of Ru.
  7809 | D:7      | Found a shadowy altar of Dithmenos.
  7812 | D:7      | Noticed Joseph
  7831 | D:7      | HP: 1/67 [Joseph/+0 quarterstaff (10)]
  7832 | D:7      | Mangled by Joseph

Illustrated notes

Levels and vault maps discovered:
D:1:      scummos_arrival_checkerplants, layout_loops_cross
D:2:      layout_rooms, lemuel_coloured_pillars_altar, glass_columns_b,
          uniq_robin
D:3:      layout_basic, lemuel_round_altar, uniq_sigmund
D:4:      layout_loops_ring, lemuel_round_altar, minitemple,
          ebering_ghost_sewer_f
D:5:      layout_loops_ring, gammafunk_temple_overflow_claw, serial_shops,
          kennysheep_mini, shop, portal_sewer_entry_f, gammafunk_ghost_arena,
          minmay_misc_feat_enclosed
D:6:      layout_cave_pods, minmay_temple_entry_trees,
          nicolae_ru_great_annihilating_truth, uniq_blork_the_orc
D:7:      layout_cave_pools, nicolae_dithmenos_shadow_blocks, uniq_joseph,
          uniq_harold
Temple:   eino_temple_lava

Skill      XL: |  1  2  3  4  5  6  7  8  9 |
---------------+----------------------------+-----
Long Blades    | 3 4 5 6 7 8 |  8.2
Armour         | 1 2 3 4 5 |  5.3
Dodging        | 3 4 5 6 |  6.0
Fighting       | |  2.1
Throwing       | |  1.7

Action                   |  1- 3 |  4- 6 |  7- 9 || total
-------------------------+-------+-------+-------++-------
Melee: Long sword        |   130 |   138 |   426 ||   694
Throw: Throwing net      |       |     2 |     3 ||     5
Evoke: Wand              |       |     7 |       ||     7
  Use: Potion            |       |     5 |     3 ||     8
       Scroll            |       |     9 |     5 ||    14
 Stab: Held in net/web   |       |     2 |     4 ||     6
Armor: Leather armour    |    45 |    31 |   180 ||   256
Dodge: Dodged            |   103 |    83 |   502 ||   688
       Rpst.: Long sword |    39 |    24 |   145 ||   208
